Map: Ultralove

Players

freeporter

  • Race: Zerg Zerg
  • League: Platinum
  • Spawn Location: 1:00

WeAreLegion - Winner!

  • Race: Terran Terran
  • League: Silver
  • Spawn Location: 7:00

VOD

Have the link to the VOD?

Description

Time

  • Played on: Dec. 13, 2024, 9:39 p.m.
  • Length: 16:30
Show
View Real Time Build Order
Export as new Build Order

freeporter Zerg 

Build Orders: Hatch First 

Get SALT Encoding   

  12  0:00  Drone  
  13  0:09  Drone  
  14  0:16  Overlord  
  14  0:25  Extractor x2  
  14  0:26  Drone  
  13  0:30  Drone  
  13  0:35  Drone  
  17  0:53  Hatchery  
  16  1:08  Spawning Pool  
  16  1:09  Drone  
  16  1:18  Drone  
  17  1:22  Extractor  
  17  1:23  Drone  
  17  1:29  Drone  
  18  1:35  Drone  
  19  1:44  Drone  
  20  1:53  Drone  
  21  2:04  Roach Warren  
  21  2:08  Drone x2  
  22  2:15  Queen  
  22  2:18  Queen  
  26  2:25  Drone x2  
  28  2:30  Overlord  
  27  3:01  Roach x3  
  33  3:06  Roach  
  33  3:09  Overlord  
  35  3:16  Extractor  
  34  3:24  Evolution Chamber  
  33  3:31  Roach  
  33  3:32  Roach x4  
  43  3:37  Drone  
  43  3:41  Overlord x2  
  44  4:04  Extractor  
  44  4:05  Drone x5  
  48  4:17  Zerg Missile Weapons Level 1  
  48  4:19  Roach  
  48  4:20  Roach x2  
  54  4:30  Lair  
  54  4:34  Drone x2  
  56  4:46  Metabolic Boost  
  56  4:53  Roach x2  
  60  5:17  Overlord x2  
  60  5:18  Overlord  
  55  5:41  Roach x3  
  55  5:42  Roach x5  
  65  6:03  Roach x3  
  53  6:49  Nydus Network  
  43  7:18  Drone x3  
  47  7:22  Drone  
  47  7:41  Nydus Canal  
  22  8:54  Drone x3  
  13  9:26  Drone x3  
  16  9:38  Drone x3  
  18  9:43  Spore Crawler  
  18  9:48  Drone  
  18  9:49  Drone  
  18  9:52  Hydralisk Den  
  19  10:10  Drone  
  19  10:11  Drone x3  
  22  10:35  Spore Crawler  
  22  10:36  Drone  
  22  10:37  Drone x2  
  24  10:54  Spire  
  23  11:02  Drone x2  
  23  11:03  Drone  
  26  11:13  Muscular Augments  
  26  11:31  Drone x3  
  29  11:39  Drone  
  30  11:40  Drone x2  
  32  11:52  Drone x3  
  35  12:03  Drone x3  
  38  12:12  Corruptor  
  40  12:19  Grooved Spines  
  40  12:21  Hydralisk  
  42  12:28  Drone x2  
  44  12:50  Extractor  
  43  12:51  Hydralisk x3  
  43  12:52  Hydralisk  
  43  12:56  Drone x3  
  43  12:57  Drone  
  55  13:13  Zerg Flyer Weapons Level 1  
  55  13:23  Infestation Pit  
  55  13:25  Hydralisk x3  
  55  13:26  Hydralisk  
  62  13:31  Drone  
  63  13:59  Baneling Nest  
  62  14:06  Overseer  
  62  14:12  Zerg Ground Armor Level 1  
  62  14:18  Hive  
  62  14:21  Zergling x2  
  62  14:22  Zergling x10  
  50  15:04  Zergling x2  
  50  15:05  Zergling x12  
  46  15:29  Baneling x4  
  46  15:30  Baneling x4  
  46  15:31  Baneling x2  
  46  15:37  Hydralisk x2  
  35  15:52  Corruptor  
Show
View Real Time Build Order
Export as new Build Order

WeAreLegion Terran - Winner!

Build Orders: Liberator Opening, Reaper Expand 

Get SALT Encoding   

  12  0:00  SCV  
  13  0:13  SCV  
  14  0:18  Supply Depot  
  14  0:30  SCV  
  15  0:41  Barracks  
  15  0:42  SCV  
  16  0:44  Refinery  
  16  0:54  SCV  
  17  1:06  SCV  
  18  1:18  SCV  
  19  1:31  Orbital Command, Reaper  
  20  1:41  Command Center  
  20  1:50  Supply Depot  
  20  1:56  SCV  
  21  2:03  Marine  
  21  2:08  Factory  
  22  2:10  SCV  
  23  2:23  SCV  
  24  2:35  SCV  
  25  2:47  SCV  
  26  3:01  Starport  
  26  3:05  Hellion  
  28  3:08  Refinery  
  28  3:10  Barracks Reactor  
  28  3:11  Orbital Command  
  28  3:12  SCV  
  29  3:24  SCV  
  30  3:27  Hellion  
  32  3:36  SCV  
  32  3:39  Liberator  
  36  3:45  SCV  
  38  3:48  SCV  
  38  4:07  Hellion  
  38  4:08  SCV x2, Hellion  
  44  4:20  SCV x2  
  44  4:22  Barracks  
  44  4:24  Barracks Tech Lab, Barracks  
  46  4:36  Supply Depot  
  46  4:43  Hellion x2  
  46  4:44  Starport Reactor  
  50  4:59  Engineering Bay  
  50  5:00  Engineering Bay  
  50  5:03  Supply Depot  
  50  5:04  SCV  
  50  5:05  SCV  
  52  5:11  Command Center  
  53  5:14  Stimpack  
  53  5:16  Barracks Tech Lab  
  53  5:17  SCV x2, Barracks Reactor  
  53  5:19  Hellion x2  
  58  5:26  Marine  
  59  5:28  Liberator  
  59  5:29  SCV, Liberator  
  62  5:38  Supply Depot  
  62  5:39  Supply Depot  
  56  5:44  Marine  
  57  5:53  Marine x3  
  57  5:55  Hellion  
  55  6:01  Marine  
  49  6:11  Marine  
  50  6:34  Command Center  
  50  6:36  Supply Depot  
  50  6:37  SCV, Marine, Marauder  
  54  6:42  Supply Depot  
  54  6:44  Supply Depot  
  54  6:54  Marine  
  54  6:57  Marine, Marauder  
  54  6:59  Marauder  
  60  7:12  Marine  
  60  7:15  Marine, Barracks  
  59  7:18  Factory Tech Lab  
  59  7:19  Marauder  
  59  7:20  Marauder  
  63  7:36  Command Center  
  63  7:37  Supply Depot  
  63  7:40  Marauder  
  65  7:44  Siege Tank  
  65  7:48  Marine  
  50  8:24  Marine x4  
  50  8:26  Siege Tank  
  42  8:42  Marine  
  42  8:43  Marauder x2  
  43  9:04  Marine x4  
  43  9:22  Marine  
  43  9:23  Marauder  
  43  9:38  Supply Depot x2  
  43  9:44  Marauder  
  45  9:50  Marine  
  46  9:59  Marine  
  46  10:01  Supply Depot  
  46  10:02  Supply Depot  
  46  10:05  Marauder  
  49  10:28  Marine  
  49  10:29  Marine x3  
  53  10:46  Marine x2  
  53  10:47  Marauder  
  57  10:52  Orbital Command  
  57  10:59  Engineering Bay  
  57  11:15  SCV x2  
  59  11:27  SCV  
  60  11:41  SCV  
  60  11:42  SCV  
  60  11:44  Planetary Fortress  
  60  11:46  Marine x4  
  66  11:53  SCV  
  64  12:03  Marine  
  64  12:04  Marauder  
  67  12:09  SCV x2  
  67  12:13  Refinery  
  67  12:15  Refinery  
  69  12:17  Refinery  
  69  12:18  Marine  
  69  12:20  Refinery, Barracks Reactor  
  69  12:21  SCV x2, Marine  
  73  12:23  Terran Infantry Weapons Level 1  
  73  12:25  Marine  
  73  12:27  Engineering Bay  
  73  12:28  Armory  
  74  12:31  SCV  
  74  12:33  SCV x2  
  77  12:43  SCV  
  78  12:45  SCV x2  
  78  12:49  Marine x3  
  78  12:51  Siege Tank  
  86  12:53  Medivac  
  86  12:55  SCV  
  86  12:56  Terran Infantry Armor Level 1  
  86  12:57  SCV  
  90  13:03  SCV  
  91  13:07  SCV, Marine  
  93  13:17  Supply Depot  
  93  13:19  Supply Depot  
  93  13:27  SCV x3, Marauder  
  98  13:41  Supply Depot  
  98  13:43  Supply Depot  
  98  13:48  Marauder  
  98  13:53  Marine x4  
  98  13:55  Siege Tank  
  107  13:56  Liberator x2  
  113  14:09  Marine  
  113  14:11  Marine x4  
  118  14:27  Siege Tank  
  118  14:28  Marauder  
  122  14:39  Liberator  
  119  14:49  Marauder  
  116  14:59  Siege Tank  
  111  15:10  Marauder  
  111  15:11  Marine x4  
  111  15:12  Medivac  
  103  15:22  Medivac  
  103  15:30  Marine x4  
  103  15:31  Siege Tank  
  103  15:32  Marauder  
  110  15:42  Medivac  
  110  15:48  Marine x2  
  107  15:53  Marauder  
  109  16:02  Marine x2  
  110  16:05  Marine x2  
  110  16:09  Supply Depot  
  110  16:11  Supply Depot  
Tags
 
Add a new tag
Caveats
  • Supply blocks, unpowered buildings, or Contaminate may cause inaccurate times.
  • Supply counts are checked every 10 seconds.